 Dungeon Crawl Stone Soup version 0.31.0-11-ge490571c62 (webtiles) character file.

Game seed: 15366479967507954860

16 qw the Shooter (level 2, -1/14 HPs)
             Began as a Spriggan Hunter on Feb 5, 2024.
             Slain by Terence
             ... wielding a +0 short sword
              (3 damage)
             ... on level 2 of the Dungeon.
             The game lasted 00:00:07 (143 turns).

qw the Shooter (Spriggan Hunter)                     Turns: 143, Time: 00:00:08

Health: -1/14      AC:  2    Str:  7    XL:     2   Next: 37%
Magic:  3/3        EV: 19    Int: 10    God:
Gold:   14         SH:  0    Dex: 18    Spells: 1/1 levels left

rFire   . . .        a - +0 shortbow
rCold   . . .        (shield currently unavailable)
rNeg    . . .        c - +0 robe
rPois   .            (helmet restricted)
rElec   .            (no cloak)
rCorr   .            (gloves unavailable)
SInv    +            (boots unavailable)
Will    .....        (no amulet)
Stlth   ++           (no ring)
HPRegen 0.22/turn    (no ring)
MPRegen 0.08/turn

%: no passive effects
@: very quick
A: very small, no large weapons, unfitting armour, see invisible, speed 3
a: no special abilities


You were on level 2 of the Dungeon.
You visited 1 branch of the dungeon, and saw 2 of its levels.

You collected 14 gold pieces.


Innate Abilities, Weirdness & Mutations

You are very small and have problems with some larger weapons.
You are too small for most types of armour.
You have supernaturally acute eyesight. (SInv)
You cover ground extremely quickly. (Speed+++)


   Skills:
 - Level 1.5 Fighting
 + Level 4.1 Ranged Weapons
 - Level 4.0 Dodging
 - Level 1.5 Stealth


You had one spell level left.
You didn't know any spells.
Your spell library was empty.

Inventory:

Hand Weapons
 a - a +0 shortbow (weapon)
Armour
 c - a +0 robe (worn)
Scrolls
 b - a scroll of identify {unknown}
Potions
 d - a potion of curing {unknown}

Dungeon Overview and Level Annotations

Branches:
Dungeon (2/15)

Altars:

Shops:
D:2 ::

Annotations:
D:2 Terence


Message History

You kill the endoplasm!
The walking earthen tome's pages rustle loudly.
The walking frostbound tome's pages rustle loudly.
Found a dagger and a ring mail.
Terence and a kobold come into view.
You shoot an arrow.
The arrow hits Terence but does no damage.
Terence shouts!
The kobold shouts!
You shoot an arrow. The arrow closely misses Terence.
A giant cockroach comes into view.
The kobold throws a stone.
The stone closely misses you.
You shoot an arrow.
The arrow hits Terence but does no damage.
You shoot an arrow. The arrow hits Terence!
Terence is moderately wounded.
The kobold throws a stone.
The stone hits you.
You shoot an arrow. The arrow barely misses Terence.
The kobold throws a stone.
The stone closely misses you.
You shoot an arrow. The arrow hits Terence.
Terence is heavily wounded.
Terence completely misses you.
The kobold throws a stone.
The stone hits you but does no damage.
You shoot an arrow. The arrow closely misses Terence.
Terence hits you with a +0 short sword!
Ouch! That really hurt!
The kobold throws a stone.
The stone closely misses you.
You shoot an arrow. The arrow closely misses Terence.
Terence closely misses you.
The giant cockroach bites you but does no damage.
You shoot an arrow. The arrow hits Terence.
Terence is heavily wounded.
The giant cockroach completely misses you.
Terence hits you with a +0 short sword. The giant cockroach bites you.
Terence closely misses you.
You shoot an arrow. The arrow hits Terence.
Terence is severely wounded.
The giant cockroach barely misses you. Terence hits you with a +0 short sword.
You die...
Terence says, "Rest in peace."

..# ..# ### . ..
..# #.##.# #####.
#.#.. ..## #.##.#
#.....#..[#
...###.##.#
#..).#.)\.
.#.##..##.#
#.....#..
.#.....##.#
#......#.#
.##..#.##.#
#..KB@..#
.##..#.##.#####.@#
.###.#.##..##....#
..#...........#..#
....###.###...#..#
..#.#;#.#;#.......#
.)#.#.#\#.#...>...#
....#.#.#.#.......#
..#.###.###.......#
..#.%.............#


You could see a walking frostbound tome, Terence, a giant cockroach and a
kobold.

Vanquished Creatures
  A ball python (D:1)
  2 endoplasms (D:2)
  A goblin (D:2)
  A hobgoblin (D:2)
  2 jackals (D:1)
  2 kobolds
  5 frilled lizards (D:2)
14 creatures vanquished.

Notes
Turn   | Place    | Note
-------+----------+-------------------------------------------
     0 | D:1      | qw the Spriggan Hunter began the quest for the Orb.
     0 | D:1      | Reached XP level 1. HP: 10/10 MP: 2/2
     0 | D:1      | 0 ||| qw: Version: 0.3-a-160-g6735b56
     0 | D:1      | 0 ||| qw: Game counter: 6482
     0 | D:1      | 0 ||| qw: Melee chars always use a shield: true
     0 | D:1      | 0 ||| qw: God list: Okawaru
     0 | D:1      | 0 ||| qw: Allow faded altars: false
     0 | D:1      | 0 ||| qw: Do Orc after clearing Dungeon:15 true
     0 | D:1      | 0 ||| qw: Do second Lair branch before Depths: true
     0 | D:1      | 0 ||| qw: Lair rune preference: random
     0 | D:1      | 0 ||| qw: Goals: Normal
     0 | D:1      | 0 ||| PLANNING D:1-11
    14 | D:1      | Reached skill level 3 in Dodging
    25 | D:1      | You fall into a shaft and drop 1 floor!
    26 | D:2      | Found Ihoedd's Book Shop.
    26 | D:2      | Noticed a walking frostbound tome
    27 | D:2      | Noticed a walking earthen tome
    33 | D:2      | 33 ||| DROPPING scroll of butterflies.
    38 | D:2      | Reached XP level 2. HP: 14/14 MP: 3/3
    92 | D:2      | Found a faded altar of an unknown god.
   129 | D:2      | Found Gepp's Book Shop.
   133 | D:2      | Noticed Terence
   142 | D:2      | HP: 3/14 [Terence/+0 short sword (4)]
   143 | D:2      | Slain by Terence

Levels and vault maps discovered:
D:1:      dpeg_arrival_fog, layout_loops_ring, minmay_misc_feat_hallway
D:2:      layout_rooms, basic_altar, dreamdust_ecumenical_altar_statues,
          serial_shops, nicolae_shop_mannequins, nicolae_diamond_shop,
          minivault_19, minmay_lizard_pond, uniq_terence, uniq_sigmund,
          uniq_crazy_yiuf_cottage

Skill      XL: |  1  2 |
---------------+-------+-----
Dodging        | 3 4 |  4.0
Fighting       | |  1.5
Ranged Weapons | |  4.1
Stealth        | |  1.5

Action                     || total
---------------------------++-------
   Fire: Shortbow          ||    33
 Armour: Robe              ||     7
  Dodge: Dodged            ||    11

Table legend:
 A = Non-vault XP
 B = Vault XP
 C = Vault XP percentage of total XP
 D = Non-vault monster count
 E = Vault monster count
 F = Vault count percentage of total count
                 A         B        C        D         E       F
            +---------+---------+-------+---------+---------+-------
      Total |      19 |       4 |  17.4 |      10 |       4 |  28.6
            +---------+---------+-------+---------+---------+-------
        D:1 |       8 |       0 |   0.0 |       4 |       0 |   0.0
        D:2 |      11 |       4 |  26.7 |       6 |       4 |  40.0
            +---------+---------+-------+---------+---------+-------
